 Dungeon Crawl Stone Soup version 0.23-a0-730-g0b75920 (webtiles) character file.

81 Blackhawk the Skirmisher (level 4, -3/35 HPs)
             Began as a Demonspawn Fighter on Jan 17, 2019.
             Killed by divine providence
             ... invoked by an orc priest
              (13 damage)
             ... on level 2 of the Dungeon.
             The game lasted 00:03:22 (1577 turns).

Blackhawk the Skirmisher (Demonspawn Fighter)       Turns: 1577, Time: 00:03:23

Health: -3/35      AC: 12    Str: 18    XL:     4   Next: 20%
Magic:  4/4        EV:  4    Int:  9    God:
Gold:   67         SH:  9    Dex: 12    Spells: 3/3 levels left

rFire    . . .     SeeInvis .   a - +0 war axe
rCold    . . .     Gourm    .   c - +0 shield
rNeg     . . .     Faith    .   g - +0 chain mail
rPois    .         Spirit   .   (no helmet)
rElec    .         Reflect  .   (no cloak)
rCorr    .         Harm     .   (no gloves)
MR       .....                  k - +0 pair of boots
Stlth    ..........             (no amulet)
HPRegen  0.11/turn              (no ring)
MPRegen  0.09/turn              (no ring)

@: lethally poisoned (-3 -> -35)
A: talons 1, slimy green scales 1
a: no special abilities


You were on level 2 of the Dungeon.
You were not hungry.

You visited 1 branch of the dungeon, and saw 2 of its levels.

You collected 67 gold pieces.

Inventory:

Hand Weapons
 a - a +0 war axe (weapon)
Armour
 b - a +0 scale mail
 c - a +0 shield (worn)
 g - a +0 chain mail (worn)
 k - a +0 pair of boots (worn)
Scrolls
 e - 3 scrolls of identify {unknown}
 h - a scroll of teleportation {unknown}
 i - 2 scrolls of remove curse {unknown}
 j - a scroll of enchant weapon {unknown}
 l - a scroll of fog {unknown}
 m - a scroll of blinking {unknown}
 o - a scroll of magic mapping {unknown}
Potions
 d - a potion of might
 n - a potion of curing {unknown}
 p - a potion of invisibility {unknown}
 r - a potion of degeneration {unknown}
Comestibles
 f - 7 rations


   Skills:
 + Level 3.5 Fighting
 + Level 2.5 Axes
 + Level 3.2 Armour
 + Level 3.2 Shields


You had 3 spell levels left.
You didn't know any spells.
Your spell library was empty.

Dungeon Overview and Level Annotations

Branches:
Dungeon (2/15)

Altars:


Innate Abilities, Weirdness & Mutations

You have sharp toenails.
You are partially covered in slimy green scales. (AC +2)


Message History

You feel very sick. Something hits you but does no damage.
You block something's attack.
You miss something.
You feel very sick. Something hits you but does no damage.
You are more poisoned.
You barely miss something.
You feel very sick.
You hear some strange, mumbled words.
A magic dart appears from out of thin air!
The magic dart hits you!
An orc priest comes into view. It is wielding a +0 falchion.
You miss something.
* * * LOW HITPOINT WARNING * * *
You feel very sick. Something hits you but does no damage.
You are more poisoned.
The orc priest invokes the aid of Beogh against you.
Beogh smites you!
You die...

♣##########
♣........>#
.♣.####..#.##########
.♣..............@{o.#
.♣###.).......#####.#
.♣.......o###.#
.♣#.÷♣♣♣♣♣....#####.#
.....♣♣♣.♣#....))...#
..##..........#######
.....♣♣♣.♣.<#.#
..###♣♣♣ ♣#.#.#
....... #.#.#


You could see an orc priest and an orc.

Vanquished Creatures
  An orc wizard (D:2)
  A worm (D:2)
  4 dart slugs
  2 leopard geckos (D:1)
  An orc (D:2)
  6 bats
  2 giant cockroaches (D:1)
  6 goblins
  3 hobgoblins (D:1)
  2 jackals (D:1)
  3 kobolds (D:1)
  5 frilled lizards (D:1)
  A rat (D:2)
37 creatures vanquished.

Notes
Turn   | Place    | Note
-------+----------+-------------------------------------------
     0 | D:1      | Blackhawk the Demonspawn Fighter began the quest for the
                  | Orb.
     0 | D:1      | Reached XP level 1. HP: 18/18 MP: 1/1
   243 | D:1      | Gained mutation: You have sharp toenails. [demonic
                  | ancestry]
   243 | D:1      | Reached XP level 2. HP: 24/24 MP: 2/2
   713 | D:1      | Gained mutation: You are partially covered in slimy green
                  | scales. (AC +2) [demonic ancestry]
   713 | D:1      | Reached XP level 3. HP: 26/29 MP: 3/3
  1340 | D:2      | Reached XP level 4. HP: 11/35 MP: 4/4
  1577 | D:2      | Killed from afar by an orc priest

Vault maps used:
D:1:      sevenhm_arrival_forest_fort_small_5, minmay_indecisive_spiral
D:2:      minmay_angry_zag, first_ration, serial_forest,
          infiniplex_forest_clump_long, infiniplex_forest_straight_4,
          infiniplex_forest_straight_2, infiniplex_forest_straight_3,
          kennysheep_generic_room_7

Skill      XL: |  1  2 |
---------------+-------+-----
Axes           | 2 |  2.5
Shields        | 3 |  3.2
Armour         | 3 |  3.2
Fighting       | |  3.5

Action                   |  1- 3 |  4- 6 || total
-------------------------+-------+-------++-------
Melee: War axe           |   121 |     9 ||   130
       Kick              |     7 |       ||     7
  Eat: Chunk             |     2 |       ||     2
Armor: Scale mail        |    39 |       ||    39
       Chain mail        |    21 |     7 ||    28
Dodge: Dodged            |    32 |       ||    32
Block: Shield            |    70 |     2 ||    72

Table legend:
 A = Non-vault XP
 B = Vault XP
 C = Vault XP percentage of total XP
 D = Non-vault monster count
 E = Vault monster count
 F = Vault count percentage of total count
                 A         B        C        D         E       F
            +---------+---------+-------+---------+---------+-------
      Total |     111 |       6 |   5.1 |      33 |       4 |  10.8
            +---------+---------+-------+---------+---------+-------
        D:1 |      46 |       6 |  11.5 |      24 |       4 |  14.3
        D:2 |      65 |       0 |   0.0 |       9 |       0 |   0.0
            +---------+---------+-------+---------+---------+-------
